 Dungeon Crawl Stone Soup version 0.31-a0-1529-g7bd419a0e5 (webtiles) character file.

Game seed: 10459829143664436664

1552 tilp the Sneak (level 8, -5/60 HPs)
             Began as a Vampire Enchanter on Jan 1, 2024.
             Slain by Menkaure (17 damage)
             ... on level 5 of the Dungeon.
             The game lasted 00:11:49 (5760 turns).

tilp the Sneak (Vampire Enchanter)                  Turns: 5760, Time: 00:11:49

Health: -5/60      AC:  5    Str:  7    XL:     8   Next: 57%
Magic:  19/22      EV: 13    Int: 20    God:
Gold:   232        SH:  0    Dex: 14    Spells: 3/14 levels left

rFire   + . .        a - +1 dagger
rCold   . . .        (no shield)
rNeg    . . .        q - +1 robe
rPois   .            m - +1 helmet
rElec   .            (no cloak)
rCorr   .            (no gloves)
SInv    +            (no boots)
Will    .....        l - amulet of regeneration
Stlth   +++          g - ring of magical power
HPRegen 1.30/turn    n - ring of protection from fire
MPRegen 0.18/turn

%: no passive effects
@: healing quickly
A: alive, fangs 3, see invisible, vampiric 2
a: Exsanguinate


You were on level 5 of the Dungeon.
You visited 1 branch of the dungeon, and saw 6 of its levels.

You collected 771 gold pieces.
You spent 539 gold pieces at shops.

Inventory:

Hand Weapons
 a - a +1 dagger (weapon)
 b - a +0 falchion
Missiles
 h - 8 boomerangs (quivered)
 o - 2 javelins
Armour
 m - a +1 helmet (worn)
 q - a +1 robe (worn)
Magical Staves
 p - a staff of conjuration
 u - a staff of air
Jewellery
 g - a ring of magical power (left hand)
 l - an amulet of regeneration (around neck)
 n - a ring of protection from fire (right hand)
 v - a ring of flight
Wands
 j - a wand of charming (10)
 t - a wand of mindburst (8)
 y - a wand of polymorph (10)
Scrolls
 f - a scroll of revelation
Potions
 c - 2 potions of invisibility
 d - 3 potions of berserk rage
 e - a potion of lignification {unknown}
 i - 2 potions of curing
 k - 2 potions of attraction
 r - a potion of might
 s - 2 potions of haste
 w - a potion of heal wounds
 x - 3 potions of mutation


   Skills:
 * Level 4.1 Fighting
 + Level 3.9(5.1) Short Blades
 * Level 4.5(5.1) Long Blades
 + Level 4.1 Dodging
 + Level 7.0 Stealth
 + Level 3.6 Spellcasting
 + Level 6.5 Hexes
 - Level 2.0 Ice Magic
 - Level 2.0 Evocations


You had 3 spell levels left.
You knew the following spells:

 Your Spells              Type           Power      Damage    Failure   Level
a - Ensorcelled Hibernat  Hex/Ice        40%        N/A       3%          2
b - Confusing Touch       Hex            29%        N/A       2%          3
c - Tukima's Dance        Hex            29%        N/A       2%          3
d - Dazzling Flash        Conj/Hex       32%        N/A       11%         3

Your spell library contained the following spells:

 Spells                   Type           Power      Damage    Failure   Level
 Necrotise                Necr           12%        1d4       14%         1
 Scorch                   Fire           6%         2d5       21%         2
 Sublimation of Blood     Necr           3%         N/A       21%         2
 Flame Wave               Conj/Fire      3%         2d5       80%         4
 Ignite Poison            Fire/Alch      3%         N/A       80%         4
 Olgreb's Toxic Radiance  Alch           3%         N/A       80%         4
 Petrify                  Alch/Erth      3%         N/A       80%         4
 Irradiate                Conj/Alch      1%         3d12      98%         5
 Death Channel            Necr           1%         N/A       100%        6
 Summon Cactus Giant      Summ           1%         N/A       100%        6
 Ozocubu's Refrigeration  Ice            5%         4d8       100%        7
 Discord                  Hex            14%        N/A       100%        8


Dungeon Overview and Level Annotations

Branches:
Dungeon (6/15)
 Temple: D:4-7

Altars:
Dithmenos
Fedhas
Gozag
Makhleb
Nemelex Xobeh
Sif Muna

Shops:
D:3 (!(   D:4 :

Annotations:
D:5 Menkaure


Innate Abilities, Weirdness & Mutations

Your natural rate of healing is accelerated.
You have razor-sharp teeth.
You have supernaturally acute eyesight. (SInv)
You are afflicted with vampirism and can become a bat while bloodless.


Message History

HP restored.
You start waiting.
Done waiting.
There is a stone staircase leading down here.
Casting: Confusing Touch (dangerous; 2% risk of failure)
Confirm with . or Enter, or press ? or * to list all spells.
Your hands begin to glow red.
You climb downwards.
Level annotation: Menkaure
There is a stone staircase leading up here.
Unknown command.
Menkaure calls on the powers of darkness!
Your body is wracked with pain!
The orc convulses!
The orc misses you.
You climb upwards.
Your hands stop glowing.
There is a stone staircase leading down here.
Unknown command.
You hit Menkaure but do no damage. Menkaure hits you!
The orc barely misses you.
You barely miss Menkaure. You hit Menkaure but do no damage.
The orc closely misses you. Menkaure barely misses you.
You hit Menkaure but do no damage. You bite Menkaure.
Menkaure is lightly damaged.
The orc hits you with a +0 hand axe.
Casting: Confusing Touch (dangerous; 2% risk of failure)
Confirm with . or Enter, or press ? or * to list all spells.
Your hands begin to glow red.
Menkaure hits you!
* * * LOW HITPOINT WARNING * * *
The orc barely misses you.
You hit Menkaure but do no damage.
Menkaure is lightly damaged.
Menkaure closely misses you. The orc barely misses you.
You closely miss Menkaure. You bite Menkaure.
Menkaure is moderately damaged.
You hit Menkaure but do no damage.
Menkaure appears confused.
You bite Menkaure, but do no damage.
Menkaure is moderately damaged.
The orc closely misses you. Menkaure hits you!
You die...

.###'###...# #.# ##.###.#
.# #.# #...###.#####.# #.#
.###.###.............# #.#
..........####.###.#.# #.#
..##...#..##.........###.#
..##.#.#..##.............#
..##.........#.###.####..#
#...####..####.###.####).#
##..# #..# #.M@o....)..#
#..####..# #####..###[##
#.......## #..# #.#
#.#####.# #..# #.# #.#
#.## ###..###.####### #.#
#..# #[.............# #.#
##.# #..#.###.#####.# #.#
#.# #..#.# #.# #.#
#.######)######..#.# #.#
#.#


You could see Menkaure (confused) and an orc.

Vanquished Creatures
  Grinder (D:3)
  Edmund (D:5)
  A black bear (D:4)
  An ice beast (D:5)
  A phantom (D:4)
  2 gnoll sergeants (D:5)
  2 scorpions
  4 orc priests
  A bombardier beetle (D:4)
  A jelly (D:5)
  A sleepcap (D:5)
  Jessica (D:3)
  3 iguanas
  5 orc wizards
  Robin (D:3)
  14 gnolls
  12 adders
  3 dart slugs
  2 ribbon worms
  10 orcs
  5 ball pythons
  5 endoplasms
  4 giant cockroaches
  12 goblins
  6 hobgoblins
  2 jackals (D:3)
  7 kobolds
  3 quokkas
  3 bats
  6 frilled lizards
  10 rats
130 creatures vanquished.

Vanquished Creatures (collateral kills)
  A gnoll (D:4)
1 creature vanquished.

Vanquished Creatures (others)
  A dancing weapon (D:5)
1 creature vanquished.

Grand Total: 132 creatures vanquished

Notes
Turn   | Place    | Note
-------+----------+-------------------------------------------
     0 | D:1      | tilp the Vampire Enchanter began the quest for the Orb.
     0 | D:1      | Reached XP level 1. HP: 13/13 MP: 3/3
   124 | D:1      | Reached XP level 2. HP: 18/20 MP: 5/5
   201 | D:1      | Learned a level 2 spell: Ensorcelled Hibernation
  1013 | D:2      | You fall into a shaft and drop 1 floor!
  1025 | D:3      | Noticed Jessica
  1032 | D:3      | Killed Jessica
  1033 | D:3      | Reached skill level 1 in Fighting
  1033 | D:3      | Reached skill level 1 in Long Blades
  1033 | D:3      | Gained mutation: You are afflicted with vampirism and can
                  | become a bat while bloodless. [Vampire growth]
  1033 | D:3      | Reached XP level 3. HP: 26/26 MP: 6/6
  1038 | D:3      | Learned a level 3 spell: Confusing Touch
  1040 | D:3      | Found Bat Tey's Distillery.
  1129 | D:3      | Bought a potion of curing for 33 gold pieces
  1454 | D:2      | Reached XP level 4. HP: 32/32 MP: 7/7
  1749 | D:3      | Reached skill level 5 in Stealth
  1806 | D:3      | Found Dahug's Antique Weapon Shop.
  1826 | D:3      | Noticed Grinder
  1848 | D:3      | Paralysed by Grinder for 5 turns
  1872 | D:3      | Killed Grinder
  1873 | D:3      | Reached skill level 5 in Hexes
  1873 | D:3      | Reached skill level 1 in Ice Magic
  1873 | D:3      | Reached skill level 1 in Evocations
  1873 | D:3      | Reached XP level 5. HP: 28/38 MP: 8/8
  1873 | D:3      | Reached XP level 6. HP: 32/44 MP: 9/9
  1915 | D:3      | Found Qytoru's Antique Weapon Shoppe.
  1990 | D:3      | Found a shadowy altar of Dithmenos.
  1996 | D:3      | Noticed Robin
  2085 | D:3      | Learned a level 3 spell: Tukima's Dance
  2135 | D:3      | Found a shimmering blue altar of Sif Muna.
  2151 | D:3      | Got the Almanac of Evil Argyropoeia
  2425 | D:3      | Killed Robin
  2472 | D:3      | Found Dahug's Antique Weapon Shop.
  2503 | D:3      | Found Qytoru's Antique Weapon Shoppe.
  2574 | D:3      | Found Bat Tey's Distillery.
  2701 | D:3      | Found a shadowy altar of Dithmenos.
  2814 | D:3      | Found a shimmering blue altar of Sif Muna.
  3087 | D:4      | Found Jydghu Ypnutz's Vocational Training.
  3095 | D:4      | Reached XP level 7. HP: 51/51 MP: 11/11
  3114 | D:5      | Entered Level 5 of the Dungeon
  3320 | D:5      | Found a burning altar of Makhleb.
  3371 | D:5      | Reached skill level 6 in Stealth
  3595 | D:4      | Found an opulent altar of Gozag.
  3783 | D:4      | Found a sparkling altar of Nemelex Xobeh.
  4178 | D:3      | Bought a potion of heal wounds for 55 gold pieces
  4178 | D:3      | Bought a potion of mutation for 88 gold pieces
  4323 | D:5      | Learned a level 3 spell: Dazzling Flash
  4365 | D:5      | Found a blossoming altar of Fedhas.
  4381 | D:5      | Reached XP level 8. HP: 19/58 MP: 11/12
  5119 | D:5      | Noticed Edmund
  5123 | D:5      | Killed Edmund
  5352 | D:5      | Identified a scroll of acquirement
  5352 | D:5      | Acquired 515 gold pieces
  5406 | D:3      | Bought 2 potions of mutation for 176 gold pieces
  5406 | D:3      | Bought a potion of attraction for 33 gold pieces
  5406 | D:3      | Bought a potion of haste for 110 gold pieces
  5406 | D:3      | Bought a potion of might for 44 gold pieces
  5495 | D:6      | Noticed Menkaure
  5621 | D:5      | Reached skill level 7 in Stealth
  5760 | D:5      | Slain by Menkaure

Illustrated notes

Levels and vault maps discovered:
D:1:      pf_arrival_petrified_forest, layout_basic
D:2:      layout_loops_ring
D:3:      layout_rooms, nicolae_dithmenos_shadow_blocks, general_overflow_altar,
          serial_shops, shop, shop, shop_fountains, kennysheep_generic_room_4,
          uniq_jessica, uniq_robin, uniq_grinder
D:4:      layout_loops_ring, nemelex_spade_bored_becter,
          nicolae_gozag_cash_rules_everything_around_me, nicolae_shop_vocational
D:5:      layout_loops_ring, lemuel_doored_altar, mainiacjoe_overflow_alcove_1,
          sigmund_army, uniq_edmund
D:6:      layout_cave_pools, old_standard_altar,
          mainiacjoe_overflow_tiny_flanked, uniq_menkaure

Skill      XL: |  1  2  3  4  5  6  7  8 |
---------------+-------------------------+-----
Fighting       | 1 2 3 4 |  4.1
Long Blades    | 1 2 3 4 |  4.5
Stealth        | 5 6 7 |  7.0
Short Blades   | 2 3 |  3.9
Dodging        | 3 4 |  4.1
Hexes          | 5 6 |  6.5
Ice Magic      | 1 2 |  2.0
Evocations     | 1 2 |  2.0
Spellcasting   | 3 |  3.6

Action                     |  1- 3 |  4- 6 |  7- 9 || total
---------------------------+-------+-------+-------++-------
  Melee: Dagger            |    77 |   148 |   127 ||   352
         Bite              |    10 |     9 |    20 ||    39
         Punch             |       |     1 |     4 ||     5
  Throw: Boomerang         |       |       |     1 ||     1
   Cast: Ensorcelled Hiber |     2 |    21 |    58 ||    81
         Confusing Touch   |       |     4 |     6 ||    10
         Tukima's Dance    |       |     2 |     1 ||     3
         Dazzling Flash    |       |       |     1 ||     1
  Evoke: Wand              |       |       |     3 ||     3
    Use: Scroll            |     1 |     2 |     5 ||     8
   Stab: Sleeping          |    13 |    22 |    41 ||    76
         Confused          |       |     3 |       ||     3
 Armour: Robe              |    40 |    61 |    77 ||   178
  Dodge: Dodged            |    46 |    82 |    84 ||   212

Table legend: (Time is in decaauts)
 A = Elapsed time spent in this place.
 B = Non-inter-level travel time spent in this place.
 C = Inter-level travel time spent in this place.
 D = Time resting spent in this place.
 E = Time spent auto-exploring this place.
 F = Levels seen in this place.
 G = Mean time per level.
                   A        B        C        D        E       F      G
               +--------+--------+--------+--------+--------+-----+--------+
         Total |   5709 |   5351 |    358 |    523 |   3646 |   6 |  951.5 |
       Dungeon |   5709 |   5351 |    358 |    523 |   3646 |   6 |  951.5 |
               +--------+--------+--------+--------+--------+-----+--------+

Top non-repeatable levels by time:
     D:5: 1694 daAuts
     D:3: 1347 daAuts
     D:4: 1080 daAuts
     D:1: 882 daAuts
     D:2: 685 daAuts
     D:6: 19 daAuts
